Map: Dusk Towers

Players

LipStick - Winner!

  • Race: Terran Terran
  • League: Diamond

HyperNova

  • Race: Protoss Protoss
  • League: Diamond

VOD

Have the link to the VOD?

Description

Time

  • Played on: March 10, 2016, 12:52 a.m.
  • Length: 11:16
Show
View Real Time Build Order
Export as new Build Order

LipStick Terran - Winner!

Build Orders: Reaper Expand, MMM Bio 

Get SALT Encoding   

  12  0:01  SCV  
  13  0:13  SCV  
  14  0:19  Supply Depot  
  14  0:25  SCV  
  15  0:40  SCV  
  16  0:43  Barracks  
  16  0:47  Refinery  
  16  0:52  SCV  
  17  1:05  SCV  
  18  1:17  SCV  
  19  1:29  Orbital Command  
  19  1:32  Reaper  
  20  1:48  Command Center  
  20  1:55  SCV  
  21  2:05  Barracks Reactor  
  21  2:10  Supply Depot, SCV  
  23  2:22  SCV  
  23  2:34  Refinery  
  23  2:35  SCV  
  24  2:37  Factory  
  24  2:41  Marine x2  
  26  2:47  SCV  
  26  2:59  SCV, Marine x2  
  26  3:00  Orbital Command  
  29  3:12  SCV  
  30  3:14  Engineering Bay  
  30  3:17  Marine x2  
  32  3:20  Factory Tech Lab  
  32  3:24  SCV  
  32  3:26  SCV  
  34  3:34  Marine  
  34  3:35  Marine  
  34  3:36  SCV  
  34  3:39  Starport  
  34  3:40  Cyclone  
  40  3:43  SCV  
  40  3:45  Missile Turret  
  40  3:48  SCV, Missile Turret  
  41  3:52  Marine x2  
  44  4:05  SCV  
  44  4:06  SCV  
  46  4:11  Supply Depot  
  46  4:14  Supply Depot  
  46  4:20  Liberator  
  44  4:32  Marine x2  
  44  4:37  Cyclone  
  48  4:44  Supply Depot  
  47  4:49  SCV x2  
  47  4:50  Marine x2  
  51  4:53  Supply Depot x2  
  51  4:56  Barracks  
  51  4:58  Barracks  
  51  5:01  Fusion Core  
  51  5:08  SCV, Marine x2  
  51  5:13  SCV  
  57  5:25  Marine  
  57  5:28  SCV  
  57  5:36  SCV  
  57  5:40  Command Center, SCV  
  57  5:41  Supply Depot  
  57  5:42  Terran Infantry Weapons Level 1  
  59  5:45  Marine x2  
  59  5:48  SCV  
  59  5:49  Advanced Ballistics  
  62  5:52  SCV  
  62  5:53  Barracks Tech Lab  
  63  5:59  Refinery  
  63  6:00  Refinery  
  63  6:01  SCV  
  63  6:02  Supply Depot  
  63  6:03  Marine  
  63  6:04  SCV, Marine  
  66  6:07  Barracks Tech Lab  
  67  6:13  SCV  
  67  6:16  SCV  
  69  6:24  Liberator  
  69  6:25  SCV, Marine x2  
  70  6:26  Marauder x2  
  70  6:28  Stimpack  
  76  6:43  Marine x2  
  76  6:44  SCV x2  
  83  6:48  Combat Shields  
  83  6:49  Marine x2  
  85  6:56  SCV x2  
  85  6:57  Factory Reactor  
  85  7:01  Marine  
  87  7:03  Barracks  
  87  7:04  Engineering Bay  
  87  7:05  Supply Depot, Armory  
  87  7:06  Supply Depot  
  87  7:08  Barracks, SCV x2  
  90  7:13  Orbital Command  
  90  7:19  Marine x3  
  90  7:20  SCV x2  
  95  7:31  Marauder  
  95  7:32  SCV  
  95  7:33  SCV  
  95  7:34  Terran Infantry Armor Level 1  
  95  7:36  Refinery  
  99  7:38  Marauder, Refinery  
  101  7:44  SCV  
  101  7:45  SCV  
  101  7:47  SCV  
  101  7:49  Medivac x2  
  108  7:53  Terran Infantry Weapons Level 2  
  108  7:56  SCV  
  108  7:57  SCV  
  110  7:59  SCV  
  110  8:00  Marauder, Marine  
  110  8:01  Barracks Reactor  
  110  8:04  Barracks  
  114  8:05  Barracks  
  114  8:09  Marine x2  
  114  8:10  Marauder, Concussive Shells  
  114  8:11  SCV x2  
  114  8:12  Terran Ship Weapons Level 1  
  120  8:17  Marine  
  120  8:19  Supply Depot  
  121  8:20  Supply Depot  
  121  8:21  Marine  
  121  8:27  Marine x2  
  122  8:31  Marine  
  125  8:39  Supply Depot x2  
  125  8:40  Medivac x2, Marine x2  
  125  8:41  Missile Turret, SCV x2, Marine x2  
  133  8:42  SCV  
  133  8:48  Marauder, Marine  
  139  8:50  Marauder  
  139  8:52  Barracks Reactor  
  139  8:54  Barracks Tech Lab  
  141  9:00  Marine x2  
  141  9:01  Marauder  
  145  9:05  Marine  
  148  9:10  Marauder, Command Center  
  148  9:22  Supply Depot x2  
  148  9:23  Marine x3  
  148  9:24  Marauder x3  
  157  9:33  Medivac x2  
  144  9:40  Marauder, Marine x2  
  148  9:58  Marauder, Widow Mine, Marine x4  
  148  9:59  Marauder x2  
  146  10:03  Medivac x2  
  150  10:14  Marauder, Marine x2  
  150  10:16  Marine x2  
  150  10:20  Marauder  
  155  10:32  Medivac  
  157  10:40  Marine  
  157  10:41  Marauder x3, Marine x3  
  153  10:52  Marine x2  
  153  10:53  Marauder  
  158  10:57  Ghost Academy  
  158  10:58  Barracks  
  158  10:59  Barracks  
  158  11:04  Ghost Academy  
  168  11:07  Starport  
  168  11:10  Supply Depot  
Show
View Real Time Build Order
Export as new Build Order

HyperNova Protoss 

Build Orders:  

Get SALT Encoding   

  12  0:01  Probe (Chrono Boost)  
  13  0:12  Pylon  
  13  0:17  Probe (Chrono Boost)  
  14  0:28  Probe (Chrono Boost)  
  15  0:38  Probe (Chrono Boost)  
  15  0:39  Gateway  
  16  0:49  Probe (Chrono Boost)  
  17  0:59  Probe (Chrono Boost)  
  18  1:06  Assimilator  
  18  1:10  Probe (Chrono Boost), Assimilator  
  19  1:15  Gateway  
  19  1:22  Probe (Chrono Boost)  
  20  1:26  Cybernetics Core  
  20  1:33  Probe (Chrono Boost)  
  21  1:40  Pylon  
  21  1:43  Probe (Chrono Boost)  
  22  1:49  Pylon  
  23  1:54  Probe (Chrono Boost)  
  23  2:05  Mothership Core (Chrono Boost)  
  25  2:23  Probe (Chrono Boost)  
  26  2:36  Stalker (Chrono Boost)  
  28  2:40  Stalker (Chrono Boost)  
  28  2:43  Probe (Chrono Boost)  
  30  2:53  Pylon  
  30  3:05  Stalker (Chrono Boost)  
  32  3:06  Nexus  
  32  3:17  Stalker (Chrono Boost)  
  34  3:21  Warp Gate  
  34  3:23  Probe  
  35  3:31  Stalker (Chrono Boost)  
  37  3:42  Probe  
  37  3:47  Stalker (Chrono Boost)  
  40  3:54  Probe  
  41  4:05  Stalker (Chrono Boost)  
  41  4:06  Probe  
  46  4:17  Stalker (Chrono Boost)  
  46  4:19  Probe  
  45  4:27  Probe  
  45  4:31  Probe, Stalker (Chrono Boost)  
  47  4:38  Probe  
  43  4:43  Probe (Chrono Boost)  
  45  4:49  Probe (Chrono Boost)  
  46  4:54  Robotics Facility  
  46  4:55  Probe (Chrono Boost)  
  47  5:00  Probe (Chrono Boost)  
  47  5:05  Probe (Chrono Boost)  
  49  5:11  Probe (Chrono Boost)  
  50  5:16  Probe (Chrono Boost)  
  51  5:22  Probe (Chrono Boost)  
  51  5:26  Probe (Chrono Boost)  
  51  5:31  Robotics Facility  
  51  5:32  Probe (Chrono Boost)  
  51  5:33  Pylon  
  52  5:36  Pylon  
  52  5:37  Probe (Chrono Boost)  
  52  5:38  Assimilator  
  52  5:41  Warp Prism (Chrono Boost)  
  52  5:42  Probe (Chrono Boost), Assimilator  
  56  5:50  Gateway  
  56  5:51  Probe  
  56  5:52  Probe  
  56  5:53  Gateway  
  56  5:54  Pylon  
  56  5:55  Pylon  
  58  6:03  Probe  
  58  6:04  Probe  
  60  6:13  Observer (Chrono Boost)  
  60  6:15  Probe  
  60  6:16  Mothership Core  
  64  6:22  Stalker x2, Observer (Chrono Boost)  
  69  6:25  Probe  
  69  6:28  Robotics Bay  
  69  6:32  Observer (Chrono Boost)  
  71  6:36  Probe  
  71  6:37  Probe  
  73  6:49  Probe  
  74  6:56  Pylon  
  74  6:57  Probe  
  74  7:01  Probe  
  76  7:04  Nexus  
  76  7:07  Assimilator  
  76  7:08  Probe  
  76  7:09  Assimilator  
  76  7:13  Probe  
  78  7:18  Probe  
  78  7:20  Forge  
  78  7:21  Disruptor (Chrono Boost)  
  78  7:22  Pylon  
  88  7:28  Probe  
  88  7:29  Colossus (Chrono Boost)  
  89  7:33  Probe  
  90  7:39  Stalker x4  
  98  7:51  Probe  
  98  7:53  Probe  
  100  8:02  Probe  
  107  8:07  Warp Prism (Chrono Boost)  
  107  8:12  Probe  
  103  8:13  Probe  
  108  8:23  Colossus (Chrono Boost)  
  106  8:31  Nexus  
  105  8:34  Stargate  
  105  8:36  Pylon  
  105  8:38  Disruptor (Chrono Boost)  
  105  8:52  Stalker x2  
  108  9:07  Pylon  
  107  9:20  Phoenix (Chrono Boost)  
  109  9:26  Sentry  
  100  9:41  Disruptor  
  103  9:49  Phoenix (Chrono Boost)  
  99  10:01  Probe  
  99  10:02  Probe  
  98  10:15  Disruptor  
  98  10:19  Probe  
  89  10:29  Probe  
  89  10:31  Probe  
  71  10:39  Probe  
  72  10:43  Probe  
  73  10:50  Probe  
  73  10:55  Probe  
  75  11:00  Probe  
Tags
 
Add a new tag
Caveats
  • Supply blocks, unpowered buildings, or Contaminate may cause inaccurate times.
  • Supply counts are checked every 10 seconds.